 Dungeon Crawl Stone Soup version 0.29-a0-323-g050149af67 (webtiles) character file.

Game seed: 1075302453398439937

103 siradein the Magician (level 5, -1/37 HPs)
             Began as a Djinni Ice Elementalist on Apr 11, 2022.
             Killed by divine providence
             ... invoked by an orc priest
              (15 damage)
             ... on level 3 of the Dungeon.
             The game lasted 00:13:46 (3547 turns).

siradein the Magician (Djinni Ice Elementalist)     Turns: 3547, Time: 00:13:47

Health: -1/37      AC:  2    Str:  7    XL:     5   Next: 6%
Gold:   162        EV: 12    Int: 19    God:
                   SH:  0    Dex: 13

rFire   + + .      SeeInvis .   f - +2 dagger (pain)
rCold   x . .      Faith    .   (no shield)
rNeg    . . .      Spirit   .   a - +0 robe
rPois   ∞          Reflect  .   (no helmet)
rElec   .          Harm     .   (no cloak)
rCorr   .          Rampage  .   (no gloves)
Will    .....                   (boots unavailable)
Stlth   ++........              (no amulet)
HPRegen 0.12/turn               (no ring)
MPRegen 0.00/turn               (no ring)

@: wereblooded, flying
A: sickness immunity, fire resistance 2, cold vulnerability 1, float, innate
caster, HP casting, extra vitality 1
a: no special abilities


You were on level 3 of the Dungeon.
You visited 1 branch of the dungeon, and saw 3 of its levels.

You collected 162 gold pieces.

Inventory:

Hand Weapons
 f - a +2 dagger of pain (weapon)
Armour
 a - a +0 robe (worn)
Scrolls
 b - a scroll of immolation {unknown}
 c - 5 scrolls of identify {unknown}
 d - a scroll of teleportation {unknown}
 i - a scroll of vulnerability {unknown}
 k - 3 scrolls of noise {unknown}
 o - a scroll of fear {unknown}
Potions
 e - a potion of berserk rage {unknown}
 g - 2 potions of heal wounds {unknown}
 h - 2 potions of curing {unknown}
 j - a potion of resistance {unknown}
 l - a potion of experience {unknown}
 m - a potion of lignification {unknown}
 n - a potion of degeneration {unknown}
 p - a potion of magic {unknown}


   Skills:
 + Level 1.6 Fighting
 + Level 1.6 Armour
 + Level 3.0 Dodging
 - Level 1.5 Stealth
 * Level 3.9 Spellcasting


You couldn't memorise any spells.
You knew the following spells:

 Your Spells              Type           Power      Damage    Failure   Level
a - Freeze                Ice            72%        1d9       2%          1
b - Frozen Ramparts       Ice            36%        1d5       9%          3
c - Ozocubu's Armour      Ice            18%        N/A       9%          3
d - Hailstorm             Conj/Ice       18%        3d6       28%         4
e - Apportation           Tloc           36%        N/A       2%          1
f - Wereblood             Tmut           18%        N/A       4%          2
Your spell library was empty.

Dungeon Overview and Level Annotations

Branches:
Dungeon (3/15)

Altars:
Xom

Shops:
D:2 [


Innate Abilities, Weirdness & Mutations

You are immune to sickness and miasma.
You are immune to poison.
Your flesh is very heat resistant. (rF++)
You are vulnerable to cold. (rC-)
You float through the air rather than walking.
You learn spells naturally, not from books.
Your magical power is your life essence.
You have superior vitality. (+4 MHP)


Message History

Your primal bloodlust is almost over.
You howl as the wereblood boils in your veins!
Your primal bloodlust has ended.
Found a stone staircase leading down.
You now have 162 gold pieces (gained 14).
An orc is nearby!
An orc is nearby!
An orc is nearby!
An orc is nearby!
Casting: Wereblood (safe; 4% risk of failure)
Confirm with . or Enter, or press ? or * to list all spells.
Your blood is infused with primal strength.
The orc priest shouts!
The orc hits you but does no damage.
You hit the orc.
The orc is moderately wounded.
You hit the orc.
The orc is severely wounded.
The orc hits you with a +0 club.
You closely miss the orc.
The orc is severely wounded.
The orc hits you with a +0 club.
You hit the orc.
You feel a bit better.
You kill the orc!
The orc priest calls down the wrath of Beogh upon you.
Beogh smites you!
You barely miss the orc priest. The orc priest hits you with a +0 club.
You hit the orc priest but do no damage.
The orc priest hits you with a +0 club.
You are too injured to fight recklessly!
Casting: Wereblood (safe; 4% risk of failure)
Confirm with . or Enter, or press ? or * to list all spells.
Aiming: Freeze (safe; 2% risk of failure)
Press: ? - help, Shift-Dir - straight line, f - orc priest
Aim: an orc priest, wielding a +0 club You freeze the orc priest!
The orc priest is severely wounded.
The orc priest mumbles some strange prayers to Beogh against you.
Beogh smites you!
You die...

..........≈≈≈≈≈≈....#######..#
....†...###≈≈≈≈###........##.##
.......#...#≈≈#...#.......##..#
.......#.⌠.#≈≈#.⌠.#.......###.###
.......#...#≈≈#...#..............
........###≈..≈###..###.######.##
....................# #o# #.#.
................)o.## #.# #.#.
................@.#####.######...
.................## #.......###.#
......†..........# #.#.....###..
.................# #.......'....
.................# ###.....####.
.................# #.....# ##
.................# #.....# #
#.#.......######## #.....#####
#.#<......# ########...


You could see an orc priest.

Vanquished Creatures
  3 adders
  4 worms
  A dart slug (D:1)
  4 orcs
  5 ball pythons
  2 endoplasms (D:3)
  2 giant cockroaches
  7 goblins
  4 hobgoblins
  2 jackals (D:3)
  3 quokkas
  3 bats
  3 frilled lizards (D:1)
  5 kobolds
  8 rats
56 creatures vanquished.

Notes
Turn   | Place    | Note
-------+----------+-------------------------------------------
     0 | D:1      | siradein the Djinni Ice Elementalist began the quest for
                  | the Orb.
     0 | D:1      | Reached XP level 1. HP: 15/15 MP: 0/0
   258 | D:1      | Reached XP level 2. HP: 17/22 MP: 0/0
   430 | D:1      | Found a faded altar of an unknown god.
   821 | D:1      | Reached XP level 3. HP: 24/26 MP: 0/0
   821 | D:1      | Learned a level 1 spell: Apportation
  1086 | D:2      | Reached skill level 1 in Fighting
  1086 | D:2      | Reached skill level 1 in Armour
  1551 | D:2      | Found a shimmering altar of Xom.
  1792 | D:2      | Reached XP level 4. HP: 25/32 MP: 0/0
  2017 | D:2      | Found Gekaveot's Armour Boutique.
  3356 | D:3      | Reached XP level 5. HP: 35/37 MP: 0/0
  3356 | D:3      | Learned a level 2 spell: Wereblood
  3547 | D:3      | Killed from afar by an orc priest

Illustrated notes

Levels and vault maps discovered:
D:1:      dpeg_arrival_rhombus, layout_rooms,
          shapermc_ecumenical_altar_mp_urbaneastern
D:2:      cheibrodos_pilgrimage, layout_loops_ring, basic_altar, serial_shops,
          nicolae_shop_statue_plus, hangedman_abyss_or_decor_stabs
D:3:      layout_basic, fountainhead

Skill      XL: |  1  2  3  4 |
---------------+-------------+-----
Fighting       | 1 |  1.6
Armour         | 1 |  1.6
Dodging        | 3 |  3.0
Stealth        | |  1.5
Spellcasting   | |  3.9

Action                   |  1- 3 |  4- 6 || total
-------------------------+-------+-------++-------
Melee: Dagger            |     1 |    18 ||    19
 Cast: Freeze            |    60 |    45 ||   105
       Wereblood         |       |     2 ||     2
Armor: Robe              |     6 |     9 ||    15
Dodge: Dodged            |    27 |    28 ||    55

Table legend: (Time is in decaauts)
 A = Elapsed time spent in this place.
 B = Non-inter-level travel time spent in this place.
 C = Inter-level travel time spent in this place.
 D = Time resting spent in this place.
 E = Time spent auto-exploring this place.
 F = Levels seen in this place.
 G = Mean time per level.
                   A        B        C        D        E       F      G
               +--------+--------+--------+--------+--------+-----+--------+
         Total |   3548 |   3534 |     14 |    599 |   2320 |   3 | 1182.7 |
       Dungeon |   3548 |   3534 |     14 |    599 |   2320 |   3 | 1182.7 |
               +--------+--------+--------+--------+--------+-----+--------+

Top non-repeatable levels by time:
     D:2: 1475 daAuts
     D:1: 1101 daAuts
     D:3: 971 daAuts
